 Dungeon Crawl Stone Soup version 0.29.1-2-gbd0b4ee654 (webtiles) character file.

Game seed: 3897908501793251903

130 zeram the Shield-Bearer (level 5, -2/44 (47) HPs)
             Began as a Gnoll Fighter on Nov 13, 2022.
             Slain by a wight
             ... wielding a +1 war axe
              (7 damage)
             ... on level 2 of the Dungeon.
             The game lasted 00:04:54 (2440 turns).

zeram the Shield-Bearer (Gnoll Fighter)             Turns: 2440, Time: 00:04:54

HP:   -2/44 (47)    AC:  9    Str: 15    XL:     5   Next: 14%
MP:   7/7           EV:  9    Int: 10    God:
Gold: 88            SH:  5    Dex: 11    Spells: 6/6 levels left

rFire   . . .      SeeInvis .   n - +5 short sword
rCold   . . .      Faith    .   c - +0 buckler
rNeg    . . .      Spirit   .   b - +0 scale mail
rPois   .          Reflect  .   (no helmet)
rElec   .          Harm     .   d - +0 cloak
rCorr   .          Rampage  .   (no gloves)
Will    .....                   (no boots)
Stlth   ..........              (no amulet)
HPRegen 0.14/turn               (no ring)
MPRegen 0.10/turn               (no ring)

@: drained
A: fangs 1, strong nose, distributed training
a: no special abilities


You were on level 2 of the Dungeon.
You visited 1 branch of the dungeon, and saw 3 of its levels.

You collected 88 gold pieces.

Inventory:

Hand Weapons
 a - a +0 war axe
 n - a +5 short sword (weapon)
Armour
 b - a +0 scale mail (worn)
 c - a +0 buckler (worn)
 d - a +0 cloak (worn)
Jewellery
 k - an amulet of magic regeneration
Wands
 g - a wand of quicksilver (9)
Scrolls
 e - a scroll of identify
Potions
 f - 2 potions of curing
 h - 2 potions of mutation
 i - a potion of invisibility {unknown}
 j - a potion of attraction {unknown}
 m - 2 potions of ambrosia


   Skills:
 + Level 6.7 Fighting
 + Level 1.4 Short Blades
 + Level 1.4 Long Blades
 + Level 4.7 Axes
 + Level 1.4 Maces & Flails
 + Level 1.4 Polearms
 + Level 1.4 Staves
 + Level 1.4 Ranged Weapons
 + Level 1.4 Throwing
 + Level 6.7 Armour
 + Level 1.4 Dodging
 + Level 1.4 Stealth
 + Level 6.7 Shields
 + Level 1.4 Unarmed Combat
 + Level 1.4 Spellcasting
 + Level 1.1 Conjurations
 + Level 1.1 Hexes
 + Level 1.1 Summonings
 + Level 1.1 Necromancy
 + Level 1.1 Translocations
 + Level 1.1 Transmutations
 + Level 1.1 Fire Magic
 + Level 1.1 Ice Magic
 + Level 1.1 Air Magic
 + Level 1.1 Earth Magic
 + Level 1.1 Poison Magic
 + Level 1.6 Invocations
 + Level 1.4 Evocations


You had 6 spell levels left.
You didn't know any spells.
Your spell library contained the following spells:

 Spells                   Type           Power      Damage    Failure   Level
 Apportation              Tloc           6%         N/A       65%         1
 Alistair's Intoxication  Tmut/Pois      2%         N/A       100%        5


Dungeon Overview and Level Annotations

Branches:
Dungeon (3/15)

Altars:


Innate Abilities, Weirdness & Mutations

You have very sharp teeth.
Your uncanny sense of smell can sniff out nearby items.
Your experience applies equally to all skills.


Message History

You barely miss the wight. Your bite misses the wight.
The wight hits you with a +2 dagger!
You closely miss the wight. The frilled lizard barely misses you.
The wight barely misses you. The wight hits you with a +2 dagger.
Unknown command.
You hit the frilled lizard.
You kill the frilled lizard!
The wight hits you with a +3 long sword!
You feel drained. The wight hits you with a +1 war axe.
You block the wight's attack. The wight hits you but does no damage.
Your life force feels restored.
Unknown command.
You see here a frilled lizard corpse.
Unknown command.
You see here a smoky dark potion.
There is a stone staircase leading up here.
You hit the wight.
The wight is lightly damaged.
The wight hits you with a +1 war axe.
You feel drained.
There is a stone staircase leading up, spattered with blood here.
The wight closely misses you. x2
You climb upwards.
There is a stone staircase leading down here.
Unknown command.
You hit the wight.
The wight is moderately damaged.
You block the wight's attack.
You closely miss the wight.
The wight is moderately damaged.
You block the wight's attack.
You hit the wight but do no damage. Your bite misses the wight.
The wight is moderately damaged.
The wight hits you with a +1 war axe!
* * * LOW HITPOINT WARNING * * *
You feel drained.
* * * LOW HITPOINT WARNING * * *
You barely miss the wight. Your bite misses the wight.
The wight is moderately damaged.
The wight hits you with a +1 war axe!
You die...

)#.# #.# #.# ##.
.#.######## ##.# #.# ##..
........(.#######..####.#
###.#.
.........÷.<............#
#.....
###.#####.#######.#######
#.#.#. # #.# #.# #.#
#.##.. # #.#
#.#######.##########.###.
# ###
####.....................
#....@z.#.#######.####
♣♣♣ ######.##.# #÷###
♣.♣♣♣ #### #.##.# #?#.##
.♣..♣#...# #.##.# #...>.
♣♣♣♣.)...#
######.##.#######.#?## ♣
♣♣#..)#
#......##...........##
####
#################.....
###### ##


You could see a wight.

Vanquished Creatures
  Crazy Yiuf (D:2)
  Terence (D:2)
  3 adders (D:2)
  2 worms (D:2)
  2 dart slugs (D:1)
  2 endoplasms
  6 giant cockroaches
  2 goblins
  4 hobgoblins
  2 quokkas
  2 ball pythons
  2 bats (D:1)
  2 frilled lizards
  4 kobolds
  2 rats (D:2)
37 creatures vanquished.

Notes
Turn   | Place    | Note
-------+----------+-------------------------------------------
     0 | D:1      | zeram the Gnoll Fighter began the quest for the Orb.
     0 | D:1      | Reached XP level 1. HP: 23/23 MP: 1/1
   251 | D:1      | Reached XP level 2. HP: 29/29 MP: 2/2
   956 | D:1      | Reached XP level 3. HP: 27/35 MP: 3/3
  1475 | D:2      | Noticed Terence
  1488 | D:2      | Killed Terence
  1489 | D:2      | Reached skill level 1 in Short Blades
  1489 | D:2      | Reached skill level 1 in Long Blades
  1489 | D:2      | Reached skill level 1 in Maces & Flails
  1489 | D:2      | Reached skill level 1 in Polearms
  1489 | D:2      | Reached skill level 1 in Staves
  1489 | D:2      | Reached skill level 1 in Ranged Weapons
  1489 | D:2      | Reached skill level 1 in Throwing
  1489 | D:2      | Reached skill level 1 in Dodging
  1489 | D:2      | Reached skill level 1 in Stealth
  1489 | D:2      | Reached skill level 1 in Unarmed Combat
  1489 | D:2      | Reached skill level 1 in Spellcasting
  1489 | D:2      | Reached skill level 1 in Invocations
  1489 | D:2      | Reached skill level 1 in Evocations
  1489 | D:2      | Reached XP level 4. HP: 18/41 MP: 5/5
  1834 | D:2      | Reached skill level 1 in Conjurations
  1834 | D:2      | Reached skill level 1 in Hexes
  1834 | D:2      | Reached skill level 1 in Summonings
  1834 | D:2      | Reached skill level 1 in Necromancy
  1834 | D:2      | Reached skill level 1 in Translocations
  1834 | D:2      | Reached skill level 1 in Transmutations
  1834 | D:2      | Reached skill level 1 in Fire Magic
  1834 | D:2      | Reached skill level 1 in Ice Magic
  1834 | D:2      | Reached skill level 1 in Air Magic
  1834 | D:2      | Reached skill level 1 in Earth Magic
  1834 | D:2      | Reached skill level 1 in Poison Magic
  2272 | D:2      | Found a runed translucent door.
  2273 | D:2      | Noticed Crazy Yiuf
  2283 | D:2      | Killed Crazy Yiuf
  2284 | D:2      | Reached XP level 5. HP: 31/47 MP: 5/7
  2440 | D:2      | Slain by a wight

Illustrated notes

Levels and vault maps discovered:
D:1:      erik_arrival_blinker_ship, layout_basic
D:2:      layout_loops_ring, columned_hall_lemuel, uniq_terence,
          uniq_crazy_yiuf_cottage
D:3:      layout_rooms, chei_slow_surprise, mainiacjoe_overflow_divided_tiny,
          serial_shops, shop_fountains

Skill      XL: |  1  2  3  4 |
---------------+-------------+-----
Short Blades   | 1 |  1.4
Long Blades    | 1 |  1.4
Maces & Flails | 1 |  1.4
Polearms       | 1 |  1.4
Staves         | 1 |  1.4
Ranged Weapons | 1 |  1.4
Throwing       | 1 |  1.4
Dodging        | 1 |  1.4
Stealth        | 1 |  1.4
Unarmed Combat | 1 |  1.4
Spellcasting   | 1 |  1.4
Invocations    | 1 |  1.6
Evocations     | 1 |  1.4
Conjurations   | 1 |  1.1
Hexes          | 1 |  1.1
Summonings     | 1 |  1.1
Necromancy     | 1 |  1.1
Translocations | 1 |  1.1
Transmutations | 1 |  1.1
Fire Magic     | 1 |  1.1
Ice Magic      | 1 |  1.1
Air Magic      | 1 |  1.1
Earth Magic    | 1 |  1.1
Poison Magic   | 1 |  1.1
Fighting       | |  6.7
Axes           | |  4.7
Armour         | |  6.7
Shields        | |  6.7

Action                   |  1- 3 |  4- 6 || total
-------------------------+-------+-------++-------
Melee: War axe           |    43 |       ||    43
       Bite              |     9 |     4 ||    13
       Short sword       |    36 |    63 ||    99
  Use: Scroll            |    11 |       ||    11
       Potion            |       |     1 ||     1
Armor: Scale mail        |    29 |    19 ||    48
Dodge: Dodged            |    27 |    24 ||    51
Block: Buckler           |    15 |    14 ||    29
